AoeStats
← zamithdaniel

Pilgrims

509432301Analyzed
2v2 RM · 6d ago on Sep 26, 2026· 42m 58s· 4 players
Game mode
Random Map
Map size
Medium (4 player)
Population
200
Speed
Normal
Resources
Standard
Victory
Conquest
Starting age
Dark Age
Ending age
Imperial Age
RankedLock teamsTeams togetherTeam positionsShared explorationLock speedFull tech treeHidden civsTurbo modeCheats
Victory
Defeat
🇨🇭 Vietnamese · Switzerland
984
+15
🇮🇹 Varangians · Italy
969
+15
🇨🇴 Celts · Colombia
986
-16
🇨🇴 Japanese · Colombia
923
-14
zamithdaniel
12:01 Feudal Age
17:28 Loom
21:57 Castle Age
24:06 Scale Mail Armor
24:16 Forging
31:01 Crossbowman
32:33 Fletching
33:29 Padded Archer Armor
36:05 Bodkin Arrow
38:38 Horse Collar
38:45 Double-Bit Axe
41:22 Leather Archer Armor
Dovahkyn
13:01 Feudal Age
16:07 Man-at-Arms
16:36 Arson
17:28 Forging
17:19 Scale Mail Armor
17:27 Loom
36:07 Castle Age
38:32 Horse Collar
38:40 Double-Bit Axe
39:41 Bow Saw
40:20 Wheelbarrow
Weliner
4:50 Loom
11:12 Feudal Age
13:53 Fletching
17:59 Padded Archer Armor
17:58 Gold Mining
17:57 Double-Bit Axe
24:51 Wheelbarrow
27:11 Castle Age
30:04 Castle Age
30:48 Fishing Lines
32:37 Hand Cart
34:53 Bow Saw
34:28 Horse Collar
34:44 Gillnets
35:41 Crossbowman
36:29 Thumb Ring
38:14 Town Watch
40:33 Stone Mining
40:45 Heavy Plow
41:46 Bodkin Arrow
42:07 Leather Archer Armor
42:35 Town Patrol
Sacob
3:02 Loom
11:32 Feudal Age
11:58 Double-Bit Axe
14:46 Fishing Lines
21:10 Castle Age
19:22 Horse Collar
19:34 Gold Mining
23:18 Scale Barding Armor
23:44 Bow Saw
23:39 Husbandry
23:49 Bloodlines
23:34 Fletching
24:48 Wheelbarrow
23:59 Town Watch
24:40 Chain Barding Armor
24:35 Bodkin Arrow
26:23 Hand Cart
27:11 Gillnets
27:46 Heavy Plow
27:40 Stone Mining
28:16 Padded Archer Armor
29:49 Leather Archer Armor
30:54 Medium Warships
37:44 Town Patrol
37:27 Light Cavalry
40:47 Imperial Age
38:40 Ballistics
38:18 Murder Holes
38:34 Masonry
39:29 Forging
39:58 Stone Shaft Mining
41:58 Heavy Mounted Crossbowman
41:59 Cranequins
42:48 Bracer
43:24 Plate Barding Armor
43:20 Ring Archer Armor
Connection lost

Rejoining the realm…

Still unreachable

The connection could not be restored.

Session expired

The server has moved on; the page needs a fresh start.